 Dungeon Crawl Stone Soup version 0.17.0-28-g6e173f8 (webtiles) character file.

240 Rationalist the Shield-Bearer (level 6, -2/48 HPs)
             Began as a Formicid Fighter on Nov 26, 2015.
             Slain by carl's ghost (7 damage)
             ... on level 4 of the Dungeon.
             The game lasted 00:05:42 (3804 turns).

Rationalist the Shield-Bearer (Formicid Fighter)    Turns: 3804, Time: 00:05:42

Health: -2/48      AC:  4    Str: 26    XL:     6   Next: 29%
Magic:  6/6        EV: 16    Int:  7    God:
Gold:   129        SH: 11    Dex: 17    Spells: 0 memorised, 5 levels left

rFire  . . .     SeeInvis +     a - +0 war axe
rCold  + . .     Clarity  .     h - +1 leather armour {rC+}
rNeg   . . .     SustAt   .     c - +0 shield
rPois  .         Gourm    .     (helmet unavailable)
rElec  .         Spirit   .     (no cloak)
rCorr  .         Warding  .     (no gloves)
rMut   .         Stasis   +     (no boots)
MR     .....                    (no amulet)
Stlth  +++.......               (no ring)
                                r - ring of stealth

@: mighty, agile, not resistant to hostile enchantments, fairly stealthy
A: permanent stasis, dig shafts and tunnels, four strong arms, antennae 3
a: Dig, Shaft Self


You were on level 4 of the Dungeon.
You were not hungry.

You visited 1 branch of the dungeon, and saw 4 of its levels.

You collected 129 gold pieces.

Inventory:

Hand Weapons
 a - a +0 war axe (weapon)
 b - a +0 blowgun
Missiles
 l - 36 sling bullets
 n - 27 poisoned needles
 p - 18 bolts
Armour
 c - a +0 shield (worn)
 h - a +1 leather armour of cold resistance (worn)
Jewellery
 r - a ring of stealth (left hand)
Scrolls
 g - a scroll of immolation {unknown}
 j - 5 scrolls of remove curse
 k - a scroll of magic mapping {unknown}
 q - 2 scrolls of recharging {unknown}
 u - a scroll of noise {unknown}
Potions
 f - 2 potions of magic
 m - a potion of lignification
 o - a potion of cancellation
 s - a potion of agility
Comestibles
 e - 6 bread rations
 i - 2 fruits
 t - 3 chunks of flesh


   Skills:
 + Level 4.0 Fighting
 + Level 3.4 Axes
 + Level 3.9 Armour
 + Level 2.2 Dodging
 + Level 5.1 Shields


You had 5 spell levels left.
You didn't know any spells.

Dungeon Overview and Level Annotations

Branches:
Dungeon (4/15)
 Temple: D:4-7

Altars:

Annotations:
D:4 carl's ghost, novice FoFi


Innate Abilities, Weirdness & Mutations

You are under a permanent stasis effect.
You can dig through walls and to a lower floor.
Your four strong arms can wield two-handed weapons with a shield.
You have a pair of large antennae on your head (SInv).


Message History

Carl's ghost hits you!
The orc wizard casts a cantrip, but nothing happens.
Drink which item? (? for menu, Esc to quit)
It was a potion of agility.
You feel agile all of a sudden. Carl's ghost barely misses you.
The orc priest looks braver for a moment.
Your shield and leather armour prevent you from hitting carl's ghost.
You slash the orc wizard!
The orc wizard is heavily wounded.
Carl's ghost hits you. The orc wizard hits you with a dagger.
Carl's ghost hits you!
* * * LOW HITPOINT WARNING * * *
The orc completely misses you.
You closely miss carl's ghost. You hit the orc.
You kill the orc!
You closely miss the orc wizard.
The orc wizard is heavily wounded.
The orc wizard closely misses you. Carl's ghost hits you!
You die...

.............##........#### ##..
..................##.......###..#
..................# #####.......#
..................### ###......
....................### #.......
.............##.......## ##......
..........####.........# ####...
........#####..........# ####
.......## #.....@o...... #
..###### #......Wo...... ###
#.............. # #..............
# #......o....... #
##............. #... #
#............# .... ##
#............# #... .# #...


You could see an orc priest, 2 orc wizards and carl's ghost.

Vanquished Creatures
  An orc priest (D:4)
  An orc wizard (D:4)
  Ijyb (D:3)
  Jessica (D:3)
  4 adders
  An adder skeleton (D:4)
  A worm (D:4)
  2 giant geckos (D:3)
  4 orcs
  A ball python (D:3)
  4 giant cockroaches
  10 hobgoblins
  11 jackals
  7 kobolds
  3 quokkas
  11 bats
  4 giant newts
  7 goblins
  8 rats
82 creatures vanquished.

Notes
Turn   | Place    | Note
--------------------------------------------------------------
     0 | D:1      | Rationalist the Formicid Fighter began the quest for the Orb.
     0 | D:1      | Reached XP level 1. HP: 18/18 MP: 1/1
   114 | D:1      | Reached XP level 2. HP: 22/24 MP: 2/2
   270 | D:1      | Reached XP level 3. HP: 26/29 MP: 3/3
   342 | D:1      | Reached skill level 4 in Shields
  1420 | D:2      | Reached XP level 4. HP: 34/37 MP: 4/4
  1656 | D:3      | Reached skill level 1 in Dodging
  1669 | D:3      | Noticed Jessica
  1689 | D:3      | Killed Jessica
  2094 | D:3      | Reached XP level 5. HP: 40/42 MP: 5/5
  2175 | D:3      | Noticed Ijyb
  2187 | D:3      | Killed Ijyb
  3186 | D:4      | Reached XP level 6. HP: 25/48 MP: 6/6
  3195 | D:4      | Reached skill level 5 in Shields
  3796 | D:4      | Noticed carl's ghost (novice FoFi)
  3804 | D:4      | Slain by carl's ghost

Action                   |  1- 3 |  4- 6 || total
-------------------------+-------+-------++-------
Melee: War axe           |   122 |   167 ||   289
 Abil: Dig               |     2 |     2 ||     4
  Use: Scroll            |       |     6 ||     6
       Potion            |       |     2 ||     2
  Eat: Chunk             |     2 |     8 ||    10
